 Dungeon Crawl Stone Soup version 0.25-a0-99-gfcdb843 (webtiles) character file.

Game seed: 3135632229124597880, levelgen mode: deterministic

6 Dazliare the Ducker (level 1, -1/10 HPs)
             Began as a Felid Berserker on Nov 13, 2019.
             Was a Follower of Trog.
             Slain by a goblin (4 damage)
             ... on level 1 of the Dungeon on Nov 14, 2019.
             The game lasted 00:01:52 (98 turns).

Dazliare the Ducker (Felid Berserker)                 Turns: 98, Time: 00:01:53

Health: -1/10      AC:  1    Str: 13    XL:     1   Next: 75%
Magic:  2/2        EV: 19    Int:  8    God:    Trog [*.....]
Gold:   0          SH:  0    Dex: 15    Spells: 0/0 levels left
                                        Lives:  0   Deaths: 0

rFire    . . .     SeeInvis +     - Unarmed
rCold    . . .     Gourm    .   (shield unavailable)
rNeg     . . .     Faith    .   (armour unavailable)
rPois    .         Spirit   .   (helmet unavailable)
rElec    .         Reflect  .   (cloak unavailable)
rCorr    .         Harm     .   (gloves unavailable)
MR       .....                  (boots unavailable)
Stlth    ++........             (no amulet)
HPRegen  0.03/turn              (no ring)
MPRegen  0.08/turn              (no ring)

@: berserk cooldown, slowed, slow
A: very small, no armour, no weapons or thrown items, stealth, claws 1, fangs 3,
see invisible, carnivore, speed 1, shaggy fur 1, slow metabolism 1, sharp paws
a: Berserk, Renounce Religion


You were on level 1 of the Dungeon.
You worshipped Trog.
Trog was aware of your devotion.
You were not hungry.

You visited 1 branch of the dungeon, and saw 1 of its levels.

Inventory:

Scrolls
 b - a scroll of teleportation {unknown}
Comestibles
 a - 2 rations
 c - a chunk of flesh


   Skills:
 - Level 3.0 Fighting
 - Level 4.0 Dodging
 + Level 1.0 Stealth
 * Level 3.3 Unarmed Combat


You couldn't memorise any spells.
You didn't know any spells.
Your spell library was empty.

Dungeon Overview and Level Annotations

Branches:
Dungeon (1/15)

Altars:

Annotations:
D:1 exclusion: jackal


Innate Abilities, Weirdness & Mutations

You cannot wear armour.
You are incapable of wielding weapons or throwing items.
Your paws allow you to move quietly. (Stealth)
You have sharp claws.
You have razor-sharp teeth.
You have supernaturally acute eyesight. (SInv)
You are carnivorous and can eat meat at any time.
You cover ground quickly.
You are covered in fur. (AC +1)
You have a slow metabolism.
Your sharp claws are effective at attacking unaware monsters.


Message History

You feel yourself slow down.
Things that are here:
a +0 club; a chunk of flesh; a goblin skeleton You now have 8/10 hp.
Things that are here:
a +0 club; a chunk of flesh; a goblin skeleton
Things that are here:
3 chunks of flesh; a jackal skeleton You closely miss the goblin.
The goblin closely misses you.
You closely miss the goblin. The goblin misses you.
The goblin closely misses you.
You completely miss the goblin. The goblin hits you.
You take 1 damage, and have 7/10 hp.
You closely miss the goblin. Your bite misses the goblin. The goblin hits you.
* * * LOW HITPOINT WARNING * * *
You take 4 damage, and have 3/10 hp.
MASSIVE DAMAGE!!
You scratch the goblin.
The goblin is moderately wounded.
The goblin closely misses you. The goblin hits you.
You die...

#.# #....#.### #.#
#....#.# #.# #...
#.# #.# #... #)#
#.# #.. #%# #.# ###
#.# #.# #.#
#.#########.#
######....รท...@g.#
#.#.8#.###########
#..#'#.# #<.#'..#
#..#'### #.#.8#
######


You could see a goblin.

Vanquished Creatures
  A goblin (D:1)
  2 jackals (D:1)
  A ball python (D:1)
  A bat (D:1)
  A rat (D:1)
6 creatures vanquished.

Notes
Turn   | Place    | Note
-------+----------+-------------------------------------------
     0 | D:1      | Dazliare the Felid Berserker began the quest for the Orb.
     0 | D:1      | Reached XP level 1. HP: 10/10 MP: 2/2
    13 | D:1      | Upgraded the game from 0.25-a0-97-g19cdb01 to
                  | 0.25-a0-99-gfcdb843
    82 | D:1      | Reached skill level 1 in Stealth
    98 | D:1      | Slain by a goblin

Levels and vault maps discovered:
D:1:      saegor_arrival_simple_c, layout_basic

Skill      XL: |  1 |
---------------+----+-----
Stealth        | 1 |  1.0
Fighting       | |  3.0
Dodging        | |  4.0
Unarmed Combat | |  3.3

Action                   || total
-------------------------++-------
Melee: Unarmed           ||    14
       Bite              ||     1
Invok: Berserk           ||     1
Dodge: Dodged            ||    14

Table legend:
 A = Non-vault XP
 B = Vault XP
 C = Vault XP percentage of total XP
 D = Non-vault monster count
 E = Vault monster count
 F = Vault count percentage of total count
                 A         B        C        D         E       F
            +---------+---------+-------+---------+---------+-------
      Total |       9 |       0 |   0.0 |       6 |       0 |   0.0
            +---------+---------+-------+---------+---------+-------
        D:1 |       9 |       0 |   0.0 |       6 |       0 |   0.0
            +---------+---------+-------+---------+---------+-------
